 Dungeon Crawl Stone Soup version 0.29.0-4-gdea44cf6ec (webtiles) character file.

Game seed: 17388974387902483330

9 qw the Sneak (level 2, 0/23 HPs)
             Began as a Ghoul Enchanter on Sept 5, 2022.
             Slain by a hobgoblin (2 damage)
             ... on level 1 of the Dungeon.
             The game lasted 00:00:11 (557 turns).

qw the Sneak (Ghoul Enchanter)                       Turns: 557, Time: 00:00:12

Health: 0/23       AC:  2    Str: 11    XL:     2   Next: 12%
Magic:  3/3        EV: 12    Int: 10    God:
Gold:   0          SH:  0    Dex:  9    Spells: 4/4 levels left

rFire   . . .      SeeInvis .     - Unarmed
rCold   + . .      Faith    .   (no shield)
rNeg    + + +      Spirit   .   b - +0 robe
rPois   inf        Reflect  .   (no helmet)
rElec   .          Harm     .   (no cloak)
rCorr   .          Rampage  .   (no gloves)
Will    .....                   (no boots)
Stlth   ++........              (no amulet)
HPRegen 0.00/turn               (no ring)
MPRegen 0.08/turn               (no ring)

@: inhibited regen
A: claws 1, cold resistance 1, negative energy resistance 3, inhibited
regeneration, torment resistance 2, devour on kill
a: no special abilities


You were on level 1 of the Dungeon.
You visited 1 branch of the dungeon, and saw 1 of its levels.


Innate Abilities, Weirdness & Mutations

You are immune to poison.
You have sharp fingernails.
Your flesh is cold resistant. (rC+)
You are immune to negative energy. (rN+++)
You do not regenerate when monsters are visible.
You are immune to unholy pain and torment.
You thrive by killing the living.


   Skills:
 - Level 1.0 Fighting
 - Level 0.8 Short Blades
 - Level 1.7 Dodging
 - Level 3.2 Stealth
 + Level 1.3 Unarmed Combat
 - Level 1.7 Spellcasting
 - Level 2.4 Hexes


You had 4 spell levels left.
You didn't know any spells.
Your spell library contained the following spells:

 Spells                   Type           Power      Damage    Failure   Level
 Ensorcelled Hibernation  Hex/Ice        6%         N/A       30%         2
 Confusing Touch          Hex            5%         N/A       34%         3
 Tukima's Dance           Hex            5%         N/A       34%         3
 Dazzling Flash           Conj/Hex       6%         N/A       52%         3

Inventory:

Armour
 b - a +0 robe (worn)
Scrolls
 d - a scroll of vulnerability {unknown}
Potions
 a - a potion of mutation {unknown}
 c - 2 potions of invisibility

Dungeon Overview and Level Annotations

Branches:
Dungeon (1/15)

Altars:


Message History

The rat attacks as you move away! The rat barely misses you.
The jackal barely misses you.
You scratch the jackal.
The jackal is almost dead.
The rat closely misses you. The hobgoblin completely misses you.
The jackal bites you but does no damage.
You closely miss the jackal.
The jackal is almost dead.
The jackal bites you but does no damage.
The rat barely misses you. The hobgoblin hits you.
You scratch the jackal but do no damage.
The jackal is almost dead.
The jackal closely misses you. The rat misses you.
The hobgoblin hits you but does no damage.
The jackal bites you but does no damage.
You scratch the jackal.
You kill the jackal!
You feel better. The rat bites you. The hobgoblin hits you.
550 ||| Stepping ~*~*~tactically~*~*~ (outnumbered).
The hobgoblin attacks as you move away! The hobgoblin barely misses you.
The rat bites you.
The kobold throws a stone.
The stone hits you but does no damage.
551 ||| Stepping ~*~*~tactically~*~*~ (outnumbered).
You scratch the rat.
The rat is severely wounded.
The rat bites you but does no damage.
You barely miss the rat.
The rat is severely wounded.
The rat barely misses you.
You scratch the rat.
You kill the rat!
You feel better.
You barely miss the hobgoblin. The hobgoblin closely misses you.
You barely miss the hobgoblin. The hobgoblin closely misses you.
You barely miss the hobgoblin. The hobgoblin hits you.
You die...

... #....>....#
#.##########...... ...
...#............. ....
##.#...77777..... ..###...#
#.....7 77.... ..$.....#
#.....7 ...... ........#
#.##..77 ..7....
........#####.##...77777.....
..........Kg@.##.............
#........r##########.#......
#....%....# #.##.....
#.........# #..#.....
#.....$...# ##.......
#............. ##......
#............. #......
######........# #..###.
#........# #.)###.


You could see a quokka, a hobgoblin and a kobold.

Vanquished Creatures
  A ball python (D:1)
  A hobgoblin (D:1)
  2 jackals (D:1)
  2 kobolds (D:1)
  A bat (D:1)
  A rat (D:1)
8 creatures vanquished.

Notes
Turn   | Place    | Note
-------+----------+-------------------------------------------
     0 | D:1      | qw the Ghoul Enchanter began the quest for the Orb.
     0 | D:1      | Reached XP level 1. HP: 14/14 MP: 2/2
     0 | D:1      | 0 ||| qw: Version: 0.1-a-104-g96f76f8
     0 | D:1      | 0 ||| qw: Game counter: 5994
     0 | D:1      | 0 ||| qw: Always use a shield: true
     0 | D:1      | 0 ||| qw: God list: Okawaru
     0 | D:1      | 0 ||| qw: Allow faded altars: false
     0 | D:1      | 0 ||| qw: Do Orc after D:15 true
     0 | D:1      | 0 ||| qw: Do second Lair branch before Depths: true
     0 | D:1      | 0 ||| qw: Lair rune preference: random
     0 | D:1      | 0 ||| qw: Plans: Normal
     0 | D:1      | 0 ||| PLANNING D:1-11
     1 | D:1      | 1 ||| DROPPING +1 dagger.
   408 | D:1      | Reached skill level 1 in Unarmed Combat
   534 | D:1      | Reached skill level 1 in Fighting
   534 | D:1      | Reached XP level 2. HP: 22/23 MP: 3/3
   543 | D:1      | 543 ||| Stepping ~*~*~tactically~*~*~ (outnumbered).
   544 | D:1      | 544 ||| Stepping ~*~*~tactically~*~*~ (outnumbered).
   545 | D:1      | 545 ||| Stepping ~*~*~tactically~*~*~ (outnumbered).
   549 | D:1      | HP: 3/23 [hobgoblin (3)]
   550 | D:1      | 550 ||| Stepping ~*~*~tactically~*~*~ (outnumbered).
   550 | D:1      | HP: 1/23 [rat (2)]
   551 | D:1      | 551 ||| Stepping ~*~*~tactically~*~*~ (outnumbered).
   557 | D:1      | Slain by a hobgoblin

Levels and vault maps discovered:
D:1:      ncdulo_smallfort, layout_basic, serial_forest,
          infiniplex_forest_lined_1, infiniplex_forest_end_1,
          infiniplex_forest_clump_tiny, infiniplex_forest_clump_C,
          infiniplex_forest_straight_3, infiniplex_forest_clump_curved,
          infiniplex_forest_end_2, minmay_pentomino_u4

Skill      XL: |  1 |
---------------+----+-----
Unarmed Combat | 1 |  1.3
Fighting       | 1 |  1.0
Short Blades   | |  0.8
Dodging        | |  1.7
Stealth        | |  3.2
Spellcasting   | |  1.7
Hexes          | |  2.4

Action                   || total
-------------------------++-------
Melee: Unarmed           ||    48
Armor: Robe              ||    16
Dodge: Dodged            ||    45

Table legend:
 A = Non-vault XP
 B = Vault XP
 C = Vault XP percentage of total XP
 D = Non-vault monster count
 E = Vault monster count
 F = Vault count percentage of total count
                 A         B        C        D         E       F
            +---------+---------+-------+---------+---------+-------
      Total |      13 |       0 |   0.0 |       8 |       0 |   0.0
            +---------+---------+-------+---------+---------+-------
        D:1 |      13 |       0 |   0.0 |       8 |       0 |   0.0
            +---------+---------+-------+---------+---------+-------
